 Dungeon Crawl Stone Soup version 0.31-a0-1338-gb567cfdca4 (webtiles) character file.

Game seed: 13439737522987558660

267 IdlyInterested the Changeling (level 6, -2/47 HPs)
             Began as a Demonspawn Shapeshifter on Dec 21, 2023.
             Killed by divine providence
             ... invoked by an orc priest
              (9 damage)
             ... on level 4 of the Dungeon.
             The game lasted 00:10:01 (2871 turns).

IdlyInterested the Changeling (DsSh)                Turns: 2871, Time: 00:10:02

Health: -2/47      AC:  8    Str: 17    XL:     6   Next: 0%
Magic:  17/17      EV:  8    Int: 10    God:
Gold:   140        SH:  0    Dex: 13    Spells: 8/8 levels left

rFire   . . .        q - +3 short sword of the Walnut {spect, rN+ Str+3 Dex-2}
rCold   . . .        (no shield)
rNeg    + . .        u - +0 chain mail
rPois   .            v - melded +0 helmet
rElec   .            (cloak currently unavailable)
rCorr   .            (gloves currently unavailable)
SInv    .            (boots currently unavailable)
Will    .....        (no amulet) Stlth
                     g - ring of flight
HPRegen 0.27/turn    a - ring of magical power
MPRegen 0.30/turn

%: no passive effects
@: beast-form, flying
A: beast (slay +2), horns 1, demonic guardian 2, magic regeneration
a: Begin Untransformation


You were on level 4 of the Dungeon.
You were a hulking beast.
You visited 1 branch of the dungeon, and saw 4 of its levels.

You collected 140 gold pieces.

Inventory:

Hand Weapons
 k - a +0 short sword
 n - a +0 dagger
 q - the +3 short sword of the Walnut (weapon) {spect, rN+ Str+3 Dex-2}
   (You found it on level 2 of the Dungeon)

   Str+3:     It affects your strength (+3).
   Dex-2:     It affects your dexterity (-2).
   rN+:       It protects you from negative energy.
 x - a +2 dagger of freezing
Missiles
 f - 28 stones
 m - 3 poisoned darts (quivered)
 r - a throwing net
Armour
 t - a +0 ring mail
 u - a +0 chain mail (worn)
 v - a +0 helmet (melded)
 y - a +0 scale mail
Jewellery
 a - a ring of magical power (right hand)
 g - a ring of flight (left hand)
 w - a +6 ring of intelligence
 z - a ring of resist corrosion
Talismans
 c - a beast talisman (active)
 d - a flux talisman
Scrolls
 e - a scroll of immolation
 h - 2 scrolls of blinking
 i - a scroll of noise {unknown}
 j - a scroll of torment {unknown}
 l - 2 scrolls of teleportation {unknown}
 o - 2 scrolls of enchant weapon {unknown}
 s - 2 scrolls of amnesia
Potions
 b - a potion of lignification
 p - a potion of heal wounds {unknown}


   Skills:
 - Level 3.0 Fighting
 - Level 1.0 Throwing
 - Level 1.0 Armour
 - Level 1.7 Dodging
 - Level 1.0 Stealth
 - Level 3.0 Unarmed Combat
 + Level 1.8 Spellcasting
 - Level 1.0 Evocations
 - Level 4.0 Shapeshifting


You had 8 spell levels left.
You didn't know any spells.
Your spell library contained the following spells:

 Spells                   Type           Power      Damage    Failure   Level
 Hailstorm                Conj/Ice       0%         3d5       100%        3
 Summon Ice Beast         Ice/Summ       0%         N/A       100%        4
 Simulacrum               Ice/Necr       0%         N/A       100%        6


Dungeon Overview and Level Annotations

Branches:
Dungeon (4/15)
 Temple: D:4-7

Altars:
Ashenzari
Sif Muna
Yredelemnul

Shops:
D:2 (


Innate Abilities, Weirdness & Mutations

You are a hulking beast.
Your limbs bulge with bestial killing power. (Slay +2)
You have a pair of small horns on your head.
A demonic guardian rushes to your aid.
You regenerate magic rapidly.


Message History

The orc priest is lightly wounded.
The orc priest calls down the wrath of Beogh upon you.
Beogh smites you!
An orc wizard comes into view. It is wielding a +0 dagger.
You closely miss the orc priest. Your headbutt misses the orc priest.
The orc priest is lightly wounded.
The orc priest barely misses you.
You barely miss the orc priest.
You headbutt the orc priest, but do no damage.
The orc priest is lightly wounded.
The orc priest closely misses you.
You hit the orc priest.
The orc priest is lightly wounded.
The orc priest mumbles some strange prayers to Beogh against you.
Beogh smites you!
* * * LOW HITPOINT WARNING * * *
A demonic guardian appears!
The orc wizard gestures wildly while chanting.
The orc wizard flickers and vanishes!
Deactivating autopickup; reactivate with Ctrl-A.
You closely miss the orc priest. You headbutt the orc priest.
The orc priest is moderately wounded.
Your orange demon stings the orc priest.
Your orange demon hits the orc priest.
The orc priest barely misses your orange demon.
You catch the helpless orc priest completely off-guard!
You hit the orc priest but do no damage.
The orc priest is severely wounded.
An orc priest comes into view. It is wielding a +0 short sword.
Something hits your orange demon.
Your orange demon barely misses the orc priest. x2
An orc comes into view. It is wielding a +0 club.
The orc priest miscasts a cantrip.
You puncture the orc priest!
You kill the orc priest!
Your orange demon barely misses the orc priest.
Something hits your orange demon but does no damage.
The orc priest mumbles some strange prayers to Beogh against you.
Beogh smites you!
You die...

## #
#######.#_#
#.)...8.#.#.
#.)<........
#..)).......
#....#8.#.#
#.....#⌠#
#....†########
#....#h)4.o...
#..#######o...
#..# . ###


You could see an orc priest (ally target), an orc and a friendly orange demon
(summoned).

Vanquished Creatures
  2 orc priests (D:4)
  Natasha (thrice) (D:3)
  Terence (D:3)
  An iguana (D:4)
  A gnoll (D:1)
  2 adders (D:2)
  A worm (D:3)
  2 dart slugs (D:2)
  6 orcs
  3 ball pythons
  7 bats
  10 endoplasms
  2 giant cockroaches
  3 goblins (D:3)
  6 hobgoblins
  8 jackals
  5 frilled lizards
  6 kobolds
  5 rats
74 creatures vanquished.

Vanquished Creatures (collateral kills)
  A hobgoblin (D:2)
1 creature vanquished.

Grand Total: 75 creatures vanquished

Notes
Turn   | Place    | Note
-------+----------+-------------------------------------------
     0 | D:1      | IdlyInterested the Demonspawn Shapeshifter began the quest
                  | for the Orb.
     0 | D:1      | Reached XP level 1. HP: 15/15 MP: 1/1
   346 | D:1      | Gained mutation: You regenerate magic rapidly. [demonic
                  | ancestry]
   346 | D:1      | Reached XP level 2. HP: 22/22 MP: 2/2
   649 | D:1      | Reached skill level 3 in Shapeshifting
   840 | D:1      | Gained mutation: A weak demonic guardian rushes to your
                  | aid. [demonic ancestry]
   840 | D:1      | Reached XP level 3. HP: 13/27 MP: 3/3
  1093 | D:2      | Identified the +3 short sword of the Walnut {spect, rN+
                  | Str+3 Dex-2}
  1526 | D:2      | Found a faded altar of an unknown god.
  1564 | D:2      | Reached XP level 4. HP: 33/33 MP: 4/4
  1595 | D:2      | Found a transporter.
  1613 | D:2      | Found Xinith's Weapon Shop.
  1615 | D:2      | Found a transporter.
  1643 | D:2      | Reached skill level 4 in Shapeshifting
  1958 | D:3      | Noticed Terence
  1962 | D:3      | Killed Terence
  2450 | D:3      | Found a basalt altar of Yredelemnul.
  2481 | D:3      | Noticed Natasha
  2487 | D:3      | Killed Natasha
  2488 | D:3      | Reached skill level 1 in Throwing
  2488 | D:3      | Reached skill level 1 in Armour
  2488 | D:3      | Gained mutation: You have a pair of small horns on your
                  | head. [demonic ancestry]
  2488 | D:3      | Reached XP level 5. HP: 37/41 MP: 5/5
  2535 | D:3      | Found a shimmering blue altar of Sif Muna.
  2572 | D:3      | Noticed Natasha
  2576 | D:3      | Killed Natasha
  2577 | D:3      | Reached skill level 1 in Stealth
  2814 | D:3      | Noticed Natasha
  2820 | D:3      | Killed Natasha
  2849 | D:4      | Reached skill level 1 in Spellcasting
  2849 | D:4      | Reached skill level 1 in Evocations
  2859 | D:4      | Found a broken altar of Ashenzari.
  2865 | D:4      | Gained mutation: A demonic guardian rushes to your aid.
                  | [demonic ancestry]
  2865 | D:4      | Reached XP level 6. HP: 28/47 MP: 8/8
  2871 | D:4      | Killed from afar by an orc priest

Illustrated notes

Levels and vault maps discovered:
D:1:      tarquinn_simple_flora_water_b, layout_loops_ring
D:2:      layout_basic, shapermc_ecumenical_altar_mp_ritualfount, serial_shops,
          nicolae_shop_drivethru
D:3:      layout_basic, old_standard_altar, mainiacjoe_overflow_surrounded_room,
          tso_altar, serial_bayou_pond_a, uniq_natasha, uniq_terence
D:4:      layout_rooms, xom_redecorated, minitemple, ebering_ghost_disaster_area

Skill      XL: |  1  2  3  4  5 |
---------------+----------------+-----
Fighting       | 2 3 |  3.0
Shapeshifting  | 3 4 |  4.0
Throwing       | 1 |  1.0
Armour         | 1 |  1.0
Stealth        | 1 |  1.0
Unarmed Combat | 3 |  3.0
Spellcasting   | 1 |  1.8
Evocations     | 1 |  1.0
Dodging        | |  1.7

Action                     |  1- 3 |  4- 6 || total
---------------------------+-------+-------++-------
  Melee: Unarmed           |    66 |       ||    66
         Punch             |     3 |     1 ||     4
         Short sword       |    36 |    79 ||   115
         Headbutt          |       |     3 ||     3
  Throw: Dart              |     2 |       ||     2
    Use: Scroll            |     2 |     1 ||     3
         Potion            |       |     1 ||     1
   Stab: Sleeping          |     1 |       ||     1
         Distracted        |       |     2 ||     2
 Armour: Robe              |    27 |       ||    27
         Animal skin       |     6 |       ||     6
         Ring mail         |    24 |     3 ||    27
         Chain mail        |       |    34 ||    34
  Dodge: Dodged            |    55 |    24 ||    79
   Form: Beast             |     1 |       ||     1
         Flux              |     1 |       ||     1

Table legend: (Time is in decaauts)
 A = Elapsed time spent in this place.
 B = Non-inter-level travel time spent in this place.
 C = Inter-level travel time spent in this place.
 D = Time resting spent in this place.
 E = Time spent auto-exploring this place.
 F = Levels seen in this place.
 G = Mean time per level.
                   A        B        C        D        E       F      G
               +--------+--------+--------+--------+--------+-----+--------+
         Total |   2865 |   2694 |    171 |    308 |   1700 |   4 |  716.2 |
       Dungeon |   2865 |   2694 |    171 |    308 |   1700 |   4 |  716.2 |
               +--------+--------+--------+--------+--------+-----+--------+

Top non-repeatable levels by time:
     D:1: 1099 daAuts
     D:3: 1047 daAuts
     D:2: 690 daAuts
     D:4: 27 daAuts
